 Dungeon Crawl Stone Soup version 0.32-a0-933-ga8fa3634e4 (webtiles) character file.

Game seed: 5890427441395650909

387 trashops the Slasher (level 6, 0/51 HPs)
             Began as a Gnoll Reaver on Apr 11, 2024.
             Slain by Grinder (4 damage)
             ... while paralysed by Grinder
             ... on level 4 of the Dungeon on Apr 14, 2024.
             The game lasted 00:06:33 (2955 turns).

trashops the Slasher (Gnoll Reaver)                 Turns: 2955, Time: 00:06:34

Health: 0/51       AC: 12    Str: 16    XL:     6   Next: 78%
Magic:  14/14      EV:  2    Int: 13    God:
Gold:   162        SH:  0    Dex: 10    Spells: 14/15 levels left

rFire   . . .        a - +0 falchion (heavy)
rCold   . . .        (no shield)
rNeg    . . .        g - +1 plate armour of the Heron {Str+3}
rPois   +            (no helmet)
rElec   .            (no cloak)
rCorr   .            (no gloves)
SInv    .            (no boots)
Will    .....        (no amulet) Stlth
                     m - ring of poison resistance
HPRegen 0.28/turn    (no ring)
MPRegen 0.14/turn

%: no passive effects
@: paralysed
A: fangs 1, strong nose, distributed training
a: no special abilities


You were on level 4 of the Dungeon.
You visited 1 branch of the dungeon, and saw 4 of its levels.

You collected 162 gold pieces.

Inventory:

Hand Weapons
 a - a +0 heavy falchion (weapon)
Armour
 b - a +0 leather armour
 g - the +1 plate armour of the Heron (worn) {Str+3}
   (You found it on level 3 of the Dungeon)

   Str+3:     It affects your strength (+3).
Jewellery
 m - a ring of poison resistance (left hand)
Talismans
 n - a beast talisman
Wands
 f - a wand of paralysis (6)
Scrolls
 d - 6 scrolls of identify
 e - a scroll of fear
 k - a scroll of blinking
 l - a scroll of poison {unknown}
 p - a scroll of amnesia {unknown}
 q - a scroll of enchant weapon {unknown}
Potions
 c - a potion of haste
 h - a potion of brilliance {unknown}
 i - 2 potions of experience {unknown}
 j - a potion of curing
 o - a potion of cancellation
 r - 2 potions of heal wounds {unknown}


   Skills:
 + Level 5.1 Fighting
 + Level 2.2 Short Blades
 + Level 6.9 Long Blades
 + Level 2.2 Axes
 + Level 2.2 Maces & Flails
 + Level 2.2 Polearms
 + Level 2.2 Staves
 + Level 2.2 Ranged Weapons
 + Level 2.2 Throwing
 + Level 2.2 Armour
 + Level 5.1 Dodging
 + Level 2.2 Stealth
 + Level 2.2 Shields
 + Level 2.2 Unarmed Combat
 + Level 5.4 Spellcasting
 + Level 5.7 Conjurations
 + Level 1.7 Hexes
 + Level 1.7 Summonings
 + Level 1.7 Necromancy
 + Level 1.7 Translocations
 + Level 1.7 Fire Magic
 + Level 1.7 Ice Magic
 + Level 1.7 Air Magic
 + Level 1.7 Earth Magic
 + Level 1.7 Alchemy
 + Level 2.4 Invocations
 + Level 2.2 Evocations
 + Level 2.0 Shapeshifting


You had 14 spell levels left.
You knew the following spells:

 Your Spells              Type           Power      Damage    Failure   Level
a - Kiss of Death         Conj/Necr      52%        2d9       95%         1

Your spell library contained the following spells:

 Spells                   Type           Power      Damage    Failure   Level
 Momentum Strike          Conj/Tloc      26%        3d8       98%         2
 Call Canine Familiar     Summ           8%         N/A       100%        3
 Hailstorm                Conj/Ice       13%        3d6       100%        3
 Sigil of Binding         Hex            8%         N/A       100%        3
 Dimensional Bullseye     Hex/Tloc       4%         N/A       100%        4


Dungeon Overview and Level Annotations

Branches:
Dungeon (4/15)
 Temple: D:4-7

Altars:
Uskayaw

Annotations:
D:4 Grinder


Innate Abilities, Weirdness & Mutations

You have very sharp teeth.
Your uncanny sense of smell can sniff out nearby items.
Your experience applies equally to all skills.


Message History

You slash the ogre! Your bite misses the ogre.
The ogre is severely wounded.
Grinder comes into view.
She is carrying a wand of polymorph.
The ogre hits you with a +0 giant club!
You closely miss the ogre.
The ogre is severely wounded.
You slash the ogre!
You kill the ogre!
Grinder gestures at you. Pain shoots through your body!
Your Shapeshifting skill increases to level 2!
Things that are here:
a +0 giant club; an ogre corpse Grinder blinks!
Grinder blinks!
You closely miss Grinder.
Grinder says, "DUCK!"
Grinder gestures at you. Pain shoots through your body!
Grinder barely misses you.
You closely miss Grinder. Your bite misses Grinder. Grinder gestures at you.
Pain shoots through your body!
* * * LOW HITPOINT WARNING * * *
You hit Grinder.
Grinder is lightly wounded.
Grinder hits you but does no damage. x2
You slash Grinder!
Grinder is heavily wounded.
Grinder hits you.
* * * LOW HITPOINT WARNING * * *
You closely miss Grinder. You bite Grinder, but do no damage.
Grinder is heavily wounded.
Grinder says, "Don't move a muscle."
Grinder gestures at you.
You suddenly lose the ability to move!
Grinder gestures at you. You resist with significant effort. Grinder hits you.
You die...
Grinder says, "Hey, I wasn't done torturing you yet!"

#..... ...
..... ..
....###'####
#...........
#...........
#...........
#..5........
#...@....$..
#...........
#...........
#...)..$....
#...........
######'######+
#........#
#....#........#
#....#........#


You could see Grinder.

Vanquished Creatures
  Pargi (D:3)
  An ogre (D:4)
  3 jellies (D:3)
  3 adders
  2 ribbon worms (D:3)
  2 dart slugs
  5 orcs (D:3)
  9 bats
  10 endoplasms
  A giant cockroach (D:1)
  6 goblins
  2 hobgoblins
  14 kobolds
  4 quokkas
  5 ball pythons
  6 frilled lizards
  7 rats
81 creatures vanquished.

Notes
Turn   | Place    | Note
-------+----------+-------------------------------------------
     0 | D:1      | trashops the Gnoll Reaver began the quest for the Orb.
     0 | D:1      | Reached XP level 1. HP: 20/20 MP: 6/6
     7 | D:1      | Found a faded altar of an unknown god.
   141 | D:1      | Reached XP level 2. HP: 15/26 MP: 7/7
   655 | D:1      | Reached skill level 5 in Spellcasting
   655 | D:1      | Reached XP level 3. HP: 31/31 MP: 7/9
  1222 | D:2      | Reached skill level 1 in Invocations
  1370 | D:2      | Reached skill level 1 in Short Blades
  1370 | D:2      | Reached skill level 1 in Axes
  1370 | D:2      | Reached skill level 1 in Maces & Flails
  1370 | D:2      | Reached skill level 1 in Polearms
  1370 | D:2      | Reached skill level 1 in Staves
  1370 | D:2      | Reached skill level 1 in Ranged Weapons
  1370 | D:2      | Reached skill level 1 in Throwing
  1370 | D:2      | Reached skill level 1 in Armour
  1370 | D:2      | Reached skill level 1 in Stealth
  1370 | D:2      | Reached skill level 1 in Shields
  1370 | D:2      | Reached skill level 1 in Unarmed Combat
  1370 | D:2      | Reached skill level 1 in Evocations
  1597 | D:2      | Reached skill level 1 in Shapeshifting
  1597 | D:2      | Reached XP level 4. HP: 27/38 MP: 11/11
  1769 | D:2      | Upgraded the game from 0.32-a0-918-g0f22ef8d61 to
                  | 0.32-a0-933-ga8fa3634e4
  1810 | D:3      | HP: 1/38 [quokka (4)]
  1816 | D:3      | Identified the +1 plate armour of the Heron {Str+3}
  2166 | D:3      | Reached skill level 1 in Hexes
  2166 | D:3      | Reached skill level 1 in Summonings
  2166 | D:3      | Reached skill level 1 in Necromancy
  2166 | D:3      | Reached skill level 1 in Translocations
  2166 | D:3      | Reached skill level 1 in Fire Magic
  2166 | D:3      | Reached skill level 1 in Ice Magic
  2166 | D:3      | Reached skill level 1 in Air Magic
  2166 | D:3      | Reached skill level 1 in Earth Magic
  2166 | D:3      | Reached skill level 1 in Alchemy
  2168 | D:3      | Reached XP level 5. HP: 9/43 MP: 12/12
  2174 | D:3      | HP: 1/43 [frozen (5)]
  2421 | D:3      | Noticed Pargi
  2446 | D:3      | Killed Pargi
  2447 | D:3      | Reached skill level 5 in Fighting
  2447 | D:3      | Reached skill level 5 in Dodging
  2447 | D:3      | Reached XP level 6. HP: 27/51 MP: 14/14
  2792 | D:3      | Found a hide-covered altar of Uskayaw.
  2943 | D:4      | Noticed Grinder
  2954 | D:4      | Paralysed by Grinder for 5 turns
  2955 | D:4      | Slain by Grinder

Illustrated notes

Levels and vault maps discovered:
D:1:      saegor_arrival_miasma, layout_basic, chequers_ecumenical_altar_island
D:2:      layout_basic, wad_floor_pattern_2, grunt_ministairs_4
D:3:      cheibrodos_fertilizer, layout_basic, mainiacjoe_overflow_alcove_2,
          uniq_pargi
D:4:      layout_gridville, trog_hazing_becter, hellmonk_ghost_happy_afterlife,
          kennysheep_big_empty_room, uniq_robin, uniq_grinder

Skill      XL: |  1  2  3  4  5  6 |
---------------+-------------------+-----
Spellcasting   | 5 |  5.4
Invocations    | 1 2 |  2.4
Short Blades   | 1 2 |  2.2
Axes           | 1 2 |  2.2
Maces & Flails | 1 2 |  2.2
Polearms       | 1 2 |  2.2
Staves         | 1 2 |  2.2
Ranged Weapons | 1 2 |  2.2
Throwing       | 1 2 |  2.2
Armour         | 1 2 |  2.2
Stealth        | 1 2 |  2.2
Shields        | 1 2 |  2.2
Unarmed Combat | 1 2 |  2.2
Evocations     | 1 2 |  2.2
Shapeshifting  | 1 2 |  2.0
Hexes          | 1 |  1.7
Summonings     | 1 |  1.7
Necromancy     | 1 |  1.7
Translocations | 1 |  1.7
Fire Magic     | 1 |  1.7
Ice Magic      | 1 |  1.7
Air Magic      | 1 |  1.7
Earth Magic    | 1 |  1.7
Alchemy        | 1 |  1.7
Fighting       | 5 |  5.1
Dodging        | 5 |  5.1
Long Blades    | |  6.9
Conjurations   | |  5.7

Action                     |  1- 3 |  4- 6 || total
---------------------------+-------+-------++-------
  Melee: Falchion          |   137 |   128 ||   265
         Bite              |     6 |    14 ||    20
    Use: Scroll            |     2 |     4 ||     6
         Potion            |     1 |     4 ||     5
   Stab: Sleeping          |     1 |       ||     1
 Armour: Leather armour    |    71 |    16 ||    87
         Plate armour      |       |   162 ||   162
  Dodge: Dodged            |    96 |    64 ||   160

Table legend: (Time is in decaauts)
 A = Elapsed time spent in this place.
 B = Non-inter-level travel time spent in this place.
 C = Inter-level travel time spent in this place.
 D = Time resting spent in this place.
 E = Time spent auto-exploring this place.
 F = Levels seen in this place.
 G = Mean time per level.
                   A        B        C        D        E       F      G
               +--------+--------+--------+--------+--------+-----+--------+
         Total |   2998 |   2909 |     89 |    253 |   1987 |   4 |  749.5 |
       Dungeon |   2998 |   2909 |     89 |    253 |   1987 |   4 |  749.5 |
               +--------+--------+--------+--------+--------+-----+--------+

Top non-repeatable levels by time:
     D:3: 1124 daAuts
     D:1: 1070 daAuts
     D:2: 724 daAuts
     D:4: 78 daAuts
